 Dungeon Crawl Stone Soup version 0.31-a0-222-gefeffbb62a (webtiles) character file.

Game seed: 15672330261134150330

41 Edyrem the Shooter (level 3, -3/22 HPs)
             Began as a Tengu Hunter on July 6, 2023.
             Slain by a gnoll
             ... wielding a +0 club
             ... led by a gnoll bouda
              (5 damage)
             ... on level 3 of the Dungeon.
             The game lasted 00:03:11 (1968 turns).

Edyrem the Shooter (Tengu Hunter)                   Turns: 1968, Time: 00:03:12

Health: -3/22      AC:  3    Str: 11    XL:     3   Next: 52%
Magic:  4/4        EV: 12    Int:  9    God:
Gold:   133        SH:  0    Dex: 19    Spells: 2/2 levels left

rFire   . . .        a - +0 shortbow
rCold   . . .        (shield currently unavailable)
rNeg    . . .        c - +0 leather armour
rPois   .            (helmet restricted)
rElec   .            (no cloak)
rCorr   .            (no gloves)
SInv    .            (boots unavailable)
Will    .....        (no amulet)
Stlth   ++           (no ring)
HPRegen 0.23/turn    (no ring)
MPRegen 0.09/turn

%: no passive effects
@: no status effects
A: beak, talons 3
a: no special abilities


You were on level 3 of the Dungeon.
You visited 1 branch of the dungeon, and saw 3 of its levels.

You collected 133 gold pieces.

Inventory:

Hand Weapons
 a - a +0 shortbow (weapon)
 b - a +0 dagger
Missiles
 s - a boomerang of dispersal
Armour
 c - a +0 leather armour (worn)
Jewellery
 r - an amulet of guardian spirit
Scrolls
 d - a scroll of butterflies
 f - 5 scrolls of identify {unknown}
 i - a scroll of teleportation {unknown}
 j - a scroll of vulnerability {unknown}
 l - a scroll of poison {unknown}
 m - a scroll of enchant armour {unknown}
 n - a scroll of blinking {unknown}
 o - 2 scrolls of amnesia {unknown}
Potions
 e - 6 potions of curing {unknown}
 g - a potion of haste {unknown}
 h - a potion of lignification {unknown}
 k - 3 potions of heal wounds {unknown}
 p - a potion of enlightenment {unknown}
 q - a potion of might {unknown}


   Skills:
 * Level 2.8 Fighting
 * Level 5.0 Ranged Weapons
 + Level 2.6 Dodging
 - Level 1.0 Stealth


You had 2 spell levels left.
You didn't know any spells.
Your spell library was empty.

Dungeon Overview and Level Annotations

Branches:
Dungeon (3/15)

Altars:

Shops:
D:1 [   D:2 [


Innate Abilities, Weirdness & Mutations

You have a beak for a mouth.
You have claws for feet.


Message History

You shoot an arrow. The arrow hits the orc!
You kill the orc!
An orc comes into view. It is wielding a +0 hand axe.
Found a bubbling grey potion.
You shoot an arrow. The arrow hits the orc!
You kill the orc!
Your Ranged Weapons skill increases to level 5!
Things that are here:
a +0 flail; a boomerang of dispersal; an orc corpse
s - a boomerang of dispersal An orc wizard and a gnoll come into view.
The orc wizard is wielding a +1 dagger of holy wrath.
The orc wizard shouts!
You hear a shout! x3
The orc wizard gestures at you while chanting.
The puff of flame hits you.
A gnoll bouda comes into view. It is wielding a +0 club.
You hear a shout!
A gnoll comes into view. It is wielding a +0 whip.
The gnoll bouda gazes fiercely through you!
You feel your attacks grow feeble.
Things that are here:
a +0 flail; an orc corpse An orc comes into view.
It is wielding a +0 dagger.
The gnoll bouda barks out a call to the hunt!
The gnoll bouda barks out a call to the hunt!
The gnoll picks up the pace!
Your attacks no longer feel as feeble.
The gnoll attacks as you move away! The gnoll hits you with a +0 club.
The gnoll hits you with a +0 club! The gnoll attacks as you move away!
The gnoll barely misses you. The gnoll attacks as you move away!
The gnoll hits you with a +0 club.
* * * LOW HITPOINT WARNING * * *
The gnoll is no longer moving quickly.
You shoot an arrow. The arrow closely misses the gnoll.
The gnoll misses you.
You shoot an arrow. The arrow hits the gnoll.
The gnoll is lightly wounded.
The gnoll hits you with a +0 club.
* * * LOW HITPOINT WARNING * * *
The gnoll hits you with a +0 club.
You die...

##...## #.# ########
##.....## ####.# #.......
##.......## ##.##.# #.....##
#.........####...#.####..⌠.##
+.........'.†.............##
#.........####...#.####..##
#.....[.## ##.#...###.##
##.....## #####........#
##...## #.@g..o....#.# ##'##
#.###.....##.# ######.## #.
##..g.##.## #.......# #.
##.#g##..## #.####..# #.
###..#...## # ##...## #.
##.g..⌠.## #.##.....# #.
###.....## ........## #.
#....g.. #.##.#..#####.#
#######.


You could see a gnoll bouda, 2 gnolls and an orc.

Vanquished Creatures
  2 orcs (D:3)
  5 endoplasms
  4 giant cockroaches
  2 goblins
  4 jackals (D:3)
  A quokka (D:2)
  8 ball pythons (D:1)
  2 bats
  3 frilled lizards
  3 kobolds
  2 rats
36 creatures vanquished.

Notes
Turn   | Place    | Note
-------+----------+-------------------------------------------
     0 | D:1      | Edyrem the Tengu Hunter began the quest for the Orb.
     0 | D:1      | Reached XP level 1. HP: 12/12 MP: 2/2
   147 | D:1      | Reached XP level 2. HP: 17/17 MP: 3/3
   156 | D:1      | Found Qemob's Antique Armour Shop.
  1130 | D:2      | Reached XP level 3. HP: 22/22 MP: 4/4
  1195 | D:2      | Found Ybly's Armour Shoppe.
  1940 | D:3      | Reached skill level 5 in Ranged Weapons
  1968 | D:3      | Slain by a gnoll

Illustrated notes

Levels and vault maps discovered:
D:1:      dpeg_arrival_arbitrary_a, layout_loops_corners, serial_shops,
          nicolae_shop_dealshenge
D:2:      layout_basic, serial_shops, shop, dk_noncrumbling_3
D:3:      layout_loops_corners, nicolae_overflow_ecumenical_swirl

Skill      XL: |  1  2  3 |
---------------+----------+-----
Ranged Weapons | 5 |  5.0
Fighting       | |  2.8
Dodging        | |  2.6
Stealth        | |  1.0

Action                     || total
---------------------------++-------
   Fire: Shortbow          ||    89
 Armour: Leather armour    ||     7
  Dodge: Dodged            ||    22

Table legend: (Time is in decaauts)
 A = Elapsed time spent in this place.
 B = Non-inter-level travel time spent in this place.
 C = Inter-level travel time spent in this place.
 D = Time resting spent in this place.
 E = Time spent auto-exploring this place.
 F = Levels seen in this place.
 G = Mean time per level.
                   A        B        C        D        E       F      G
               +--------+--------+--------+--------+--------+-----+--------+
         Total |   1985 |   1870 |    115 |      0 |   1662 |   3 |  661.7 |
       Dungeon |   1985 |   1870 |    115 |      0 |   1662 |   3 |  661.7 |
               +--------+--------+--------+--------+--------+-----+--------+

Top non-repeatable levels by time:
     D:1: 1109 daAuts
     D:2: 728 daAuts
     D:3: 147 daAuts
